 Dungeon Sprint DCSS version 0.31.0-32-g396128a36d (webtiles) character file.

Game seed: 14704660361768255838

482 Groucho the Geomancer (level 6, -1/30 HPs)
             Began as a Spriggan Earth Elementalist on Mar 10, 2024.
             Was a High Priest of Sif Muna.
             Killed from afar by an efreet (26 damage)
             ... with a fireball
             ... in the Dungeon (Sprint VII: "The Pits").
             The game lasted 00:04:06 (1672 turns).

Groucho the Geomancer (Spriggan Earth Elementalist) Turns: 1672, Time: 00:04:07

Health: -1/30      AC:  2    Str:  4    XL:     6   Next: 87%
Magic:  13/17      EV: 17    Int: 18    God:    Sif Muna [*****.]
Gold:   0          SH:  0    Dex: 16    Spells: 12/20 levels left

rFire   . . .        h - +2 dagger
rCold   . . .        (no shield)
rNeg    . . .        a - +0 robe
rPois   .            (helmet restricted)
rElec   .            (no cloak)
rCorr   .            (gloves unavailable)
SInv    +            (boots unavailable)
Will    +....        (no amulet)
Stlth   +++          (no ring)
HPRegen 0.25/turn    (no ring)
MPRegen 0.15/turn

%: no teleportation
@: very quick
A: very small, no large weapons, unfitting armour, see invisible, speed 3
a: Renounce Religion, Channel Magic, Forget Spell, Divine Exegesis


You were in the Dungeon.
You worshipped Sif Muna.
Sif Muna was extremely pleased with you.
You visited 1 branch

Inventory:

Hand Weapons
 h - a +2 dagger (weapon)
Armour
 a - a +0 robe (worn)
Scrolls
 g - a scroll of blinking
 j - 2 scrolls of vulnerability
 k - 5 scrolls of amnesia
 l - a scroll of butterflies
Potions
 b - 5 potions of magic
 c - 6 potions of curing
 d - 4 potions of heal wounds
 e - a potion of haste
 f - 3 potions of berserk rage
 i - 2 potions of invisibility


   Skills:
 + Level 1.5 Fighting
 + Level 2.0 Short Blades
 - Level 2.6 Dodging
 + Level 4.5 Stealth
 + Level 7.8 Spellcasting
 * Level 6.6 Conjurations
 * Level 8.4 Earth Magic
 * Level 3.2 Alchemy
 + Level 1.9 Invocations


You had 12 spell levels left.
You knew the following spells:

 Your Spells              Type           Power      Damage    Failure   Level
a - Sandblast             Erth           74%        2d16      1%          1
b - Stone Arrow           Conj/Erth      68%        3d11      1%          3
c - Petrify               Alch/Erth      28%        N/A       9%          4

Your spell library contained the following spells:

 Spells                   Type           Power      Damage    Failure   Level
 Passwall                 Erth           37%        N/A       1%          3
 Brom's Barrelling Bould  Conj/Erth      34%        2d5       4%          4


Dungeon Overview and Level Annotations

Branches:
Dungeon (1/1)

Altars:
Ashenzari
Cheibriados
Dithmenos
Elyvilon
Fedhas
Gozag
Hepliaklqana
Kikubaaqudgha
Makhleb
Nemelex Xobeh
Okawaru
Qazlal
Ru
Sif Muna
Trog
Uskayaw
Vehumet
Wu Jian
Xom
Yredelemnul
Zin
The Shining One
Jiyva
Lugonu


Innate Abilities, Weirdness & Mutations

You are very small and have problems with some larger weapons.
You are too small for most types of armour.
You have supernaturally acute eyesight. (SInv)
You cover ground extremely quickly. (Speed+++)


Message History

You start resting.
Magic restored.
You start waiting.
Done waiting.
There is an open door here.
As you open the door, it creaks loudly!
An efreet comes into view.
It is wielding a +0 scimitar of flaming.
Casting: Stone Arrow (safe; 1% risk of failure)
Confirm with . or Enter, or press ? or * to list all spells.
Aiming: Petrify (quite dangerous; 9% risk of failure)
Press: ? - help, Shift-Dir - straight line, f - efreet
Aim: an efreet, wielding a +0 scimitar of flaming (chance to affect: 59%)
The efreet resists with significant effort.
The efreet gestures at you.
The fireball explodes!
The fireball engulfs you!
Ouch! That really hurt!
The fireball engulfs the efreet.
The efreet completely resists.
Unknown command.
Unknown command.
You feel much better.
The efreet hits you with a +0 scimitar of flaming.
The efreet burns you.
Casting: Petrify (quite dangerous; 9% risk of failure)
Confirm with . or Enter, or press ? or * to list all spells.
Okay, then.
Unknown command.
Unknown command.
Unknown command.
Unknown command.
The efreet attacks as it pursues you!
The efreet hits you with a +0 scimitar of flaming!!
Ouch! That really hurt!
* * * LOW HITPOINT WARNING * * *
The efreet burns you.
* * * LOW HITPOINT WARNING * * *
You feel much better. The efreet gestures at you.
The fireball explodes!
The fireball engulfs you!!
Ouch! That really hurt!
You die...

#.#......†.##.......#
#.#........##.......#
#'###########.......#
#.......# #########
#...#...# #...#...#
#.##.##.#+#
#...#...#○+
#...#..@#○#
#.......R.#
###########


You could see an efreet.

Vanquished Creatures
  A glass eye (D)
  A crocodile (D)
  A kobold brigand (D)
  A brain worm (D)
  A quasit (D)
  An orc wizard (D)
  A mummy (D)
  4 orcs (D)
  A bat skeleton (D)
  A bat zombie (D)
  A giant cockroach (D)
  A hobgoblin (D)
  4 jackals (D)
  A quokka (D)
  A ball python (D)
  A frilled lizard (D)
  A rat (D)
23 creatures vanquished.

Notes
Turn   | Place    | Note
-------+----------+-------------------------------------------
     0 | D        | Groucho the Spriggan Earth Elementalist began the quest for
                  | the Orb.
     0 | D        | Reached XP level 1. HP: 9/9 MP: 5/5
     9 | D        | Noticed a glass eye
   184 | D        | Killed a glass eye
   185 | D        | Reached skill level 5 in Conjurations
   185 | D        | Reached skill level 6 in Earth Magic
   185 | D        | Reached XP level 2. HP: 13/13 MP: 0/10
   185 | D        | Reached XP level 3. HP: 16/16 MP: 0/11
   185 | D        | Reached XP level 4. HP: 21/21 MP: 0/13
   185 | D        | Reached XP level 5. HP: 24/24 MP: 0/14
   586 | D        | Learned a level 3 spell: Stone Arrow
   591 | D        | Learned a level 4 spell: Petrify
   619 | D        | Found a bloodstained altar of Trog.
   619 | D        | Found a shimmering blue altar of Sif Muna.
   619 | D        | Found a viscous altar of Jiyva.
   619 | D        | Found a hazy altar of Hepliaklqana.
   619 | D        | Found an opulent altar of Gozag.
   620 | D        | Found a glowing golden altar of the Shining One.
   620 | D        | Found a glowing silver altar of Zin.
   620 | D        | Found a basalt altar of Yredelemnul.
   620 | D        | Found a shimmering altar of Xom.
   620 | D        | Found an ornate altar of the Wu Jian Council.
   620 | D        | Found a sacrificial altar of Ru.
   620 | D        | Found a stormy altar of Qazlal.
   620 | D        | Found an iron altar of Okawaru.
   620 | D        | Found a sparkling altar of Nemelex Xobeh.
   620 | D        | Found a burning altar of Makhleb.
   620 | D        | Found a blossoming altar of Fedhas.
   620 | D        | Found a white marble altar of Elyvilon.
   620 | D        | Found a shadowy altar of Dithmenos.
   620 | D        | Found a snail-covered altar of Cheibriados.
   622 | D        | Found a corrupted altar of Lugonu.
   622 | D        | Found a radiant altar of Vehumet.
   623 | D        | Found an ancient bone altar of Kikubaaqudgha.
   623 | D        | Found a hide-covered altar of Uskayaw.
   623 | D        | Found a broken altar of Ashenzari.
   624 | D        | Became a worshipper of Sif Muna the Loreminder
   641 | D        | Reached * piety under Sif Muna
   879 | D        | Reached ** piety under Sif Muna
  1016 | D        | Reached skill level 7 in Earth Magic
  1033 | D        | Reached *** piety under Sif Muna
  1127 | D        | Noticed a crocodile
  1154 | D        | Reached XP level 6. HP: 21/28 MP: 4/17
  1156 | D        | Reached **** piety under Sif Muna
  1157 | D        | Reached skill level 8 in Earth Magic
  1157 | D        | Reached skill level 1 in Alchemy
  1159 | D        | Reached skill level 1 in Fighting
  1159 | D        | Reached skill level 1 in Short Blades
  1159 | D        | Reached skill level 1 in Invocations
  1495 | D        | Reached ***** piety under Sif Muna
  1668 | D        | Noticed an efreet
  1671 | D        | HP: 1/30 [efreet/+0 scimitar of flaming (6)]
  1672 | D        | Killed from afar by an efreet

Illustrated notes

Levels and vault maps discovered:
D:        pitsprint [storerooms_1, entrance_room_1, metal_vault_7, armoury_1,
          mini_pit_1, grid_room_1, main_hall_1, silver_pit, the_coven_1,
          the_vestibule_1, steel_vault_1, golden_pit, hallway_of_sentries,
          crystal_vault_6, iron_vault_4, final_vault]

Skill      XL: |  1  2  3  4  5  6 |
---------------+-------------------+-----
Spellcasting   | 6 7 |  7.8
Conjurations   | 5 6 |  6.6
Earth Magic    | 6 7 8 |  8.4
Alchemy        | 3 |  3.2
Fighting       | 1 |  1.5
Short Blades   | 2 |  2.0
Stealth        | 4 |  4.5
Invocations    | 1 |  1.9
Dodging        | |  2.6

Action                     |  1- 3 |  4- 6 || total
---------------------------+-------+-------++-------
  Melee: Unarmed           |    47 |       ||    47
         Punch             |     1 |       ||     1
   Cast: Sandblast         |    19 |    10 ||    29
         Stone Arrow       |       |    16 ||    16
         Petrify           |       |     1 ||     1
 Invoke: Channel Magic     |       |     1 ||     1
    Use: Potion            |       |     2 ||     2
 Armour: Robe              |       |     9 ||     9
  Dodge: Dodged            |       |     4 ||     4
